 Dungeon Crawl Stone Soup version 0.28.0-47-ge53b351184 (webtiles) character file.

Game seed: 4387136172335910140

23 101zpm the Gusty (level 2, -1/20 HPs)
             Began as a Gnoll Air Elementalist on Apr 25, 2022.
             Succumbed to an adder's poison
             ... on level 1 of the Dungeon.
             The game lasted 00:01:07 (1181 turns).

101zpm the Gusty (Gnoll Air Elementalist)           Turns: 1181, Time: 00:01:08

Health: -1/20      AC:  2    Str:  7    XL:     2   Next: 95%
Magic:  2/7        EV: 13    Int: 14    God:
Gold:   33         SH:  0    Dex: 12    Spells: 9/10 levels left

rFire   . . .      SeeInvis .   (no weapon)
rCold   . . .      Faith    .   (no shield)
rNeg    . . .      Spirit   .   a - +0 robe
rPois   .          Reflect  .   (no helmet)
rElec   .          Harm     .   (no cloak)
rCorr   .          Rampage  .   (no gloves)
Will    .....                   (no boots)
Stlth   ++........              (no amulet)
HPRegen 0.06/turn               (no ring)
MPRegen 0.10/turn               (no ring)

@: lethally poisoned (-1 -> -9)
A: fangs 1, strong nose, distributed training
a: no special abilities


You were on level 1 of the Dungeon.
You visited 1 branch of the dungeon, and saw 2 of its levels.

You collected 33 gold pieces.

Inventory:

Armour
 a - a +0 robe (worn)
Jewellery
 e - a ring of protection from fire
Scrolls
 b - 2 scrolls of teleportation {unknown}
Potions
 c - a potion of attraction {unknown}
 d - a potion of heal wounds {unknown}


   Skills:
 + Level 0.5 Fighting
 + Level 0.5 Short Blades
 + Level 0.5 Long Blades
 + Level 0.5 Axes
 + Level 0.5 Maces & Flails
 + Level 0.5 Polearms
 + Level 0.5 Staves
 + Level 0.5 Slings
 + Level 0.5 Bows
 + Level 0.5 Crossbows
 + Level 0.5 Throwing
 + Level 0.5 Armour
 + Level 4.5 Dodging
 + Level 4.1 Stealth
 + Level 0.5 Shields
 + Level 0.5 Unarmed Combat
 + Level 4.9 Spellcasting
 + Level 2.0 Conjurations
 + Level 0.4 Hexes
 + Level 0.4 Summonings
 + Level 0.4 Necromancy
 + Level 0.4 Translocations
 + Level 0.4 Transmutations
 + Level 0.4 Fire Magic
 + Level 0.4 Ice Magic
 + Level 5.4 Air Magic
 + Level 0.4 Earth Magic
 + Level 0.4 Poison Magic
 + Level 0.7 Invocations
 + Level 0.5 Evocations


You had 9 spell levels left.
You knew the following spells:

 Your Spells              Type           Power      Damage    Failure   Level
a - Shock                 Conj/Air       52%        1d6       3%          1

Your spell library contained the following spells:

 Spells                   Type           Power      Damage    Failure   Level
 Static Discharge         Conj/Air       13%        N/A       6%          2
 Swiftness                Air            18%        N/A       6%          3
 Freeze                   Ice            16%        1d4       16%         1
 Airstrike                Air            9%         N/A       19%         4
 Frozen Ramparts          Ice            8%         1d2       41%         3
 Hailstorm                Conj/Ice       6%         3d4       71%         4


Dungeon Overview and Level Annotations

Branches:
Dungeon (2/15)

Altars:


Innate Abilities, Weirdness & Mutations

You have very sharp teeth.
Your uncanny sense of smell can sniff out nearby items.
Your experience applies equally to all skills.


Message History

The zap hits the adder.
The adder is lightly wounded.
The adder hisses angrily.
The goblin shouts!
The zap hits the adder.
The adder is heavily wounded.
The adder bites you but does no damage.
The zap misses the adder.
The adder completely misses you.
The zap hits the adder.
The adder is heavily wounded.
The adder bites you.
An adder comes into view.
The adder barely misses you.
The zap hits the adder.
The adder is severely wounded.
The adder hisses angrily.
The adder closely misses you.
The frilled lizard bites you but does no damage.
The zap hits the adder.
The adder is severely wounded.
The adder barely misses you. The frilled lizard closely misses you.
The adder bites you.
You are poisoned.
The adder poisons you! The goblin hits you with a +0 club.
The adder closely misses you. The frilled lizard barely misses you.
You climb upwards.
You feel very sick.
There is a stone staircase leading down here.
Things that are here:
3 stones; a +0 short sword You feel sick.
The frilled lizard misses you.
You feel sick.
You feel sick.
You feel sick. The adder misses you.
You feel sick.
You are no longer poisoned.
The adder bites you.
* * * LOW HITPOINT WARNING * * *
You are lethally poisoned!
The adder poisons you!
You die...

#.....<.....'..#....#####.
##......######.#....# #.
##....## ###..#+#.# #.
##...# #......#.#####.
##..# #......#....... ##.#
#......#......# #'#
#......#......#
#.#####......#......#
#...@.Sgl....#......#
#######......##......
####.......####
#..>....'... #.......####
##### #####....... #...#
#....... #...# #.......
#...# #.......


You could see an adder, a goblin and a frilled lizard.

Vanquished Creatures
  2 dart slugs (D:1)
  2 bats (D:1)
  8 jackals (D:1)
  2 kobolds (D:1)
  A ball python (D:1)
  A frilled lizard (D:1)
16 creatures vanquished.

Notes
Turn   | Place    | Note
-------+----------+-------------------------------------------
     0 | D:1      | 101zpm the Gnoll Air Elementalist began the quest for the
                  | Orb.
     0 | D:1      | Reached XP level 1. HP: 13/13 MP: 6/6
   260 | D:1      | Reached XP level 2. HP: 18/19 MP: 1/7
  1180 | D:1      | HP: 1/20 [adder (4)]
  1181 | D:1      | Succumbed to an adder's poison

Illustrated notes

Levels and vault maps discovered:
D:1:      mrwooster_arrival_arrow, layout_basic
D:2:      layout_basic, hellmonk_ecumenical_altar_pennies_from_heaven

Skill      XL: |  1 |
---------------+----+-----
Conjurations   | 2 |  2.0
Fighting       | |  0.5
Short Blades   | |  0.5
Long Blades    | |  0.5
Axes           | |  0.5
Maces & Flails | |  0.5
Polearms       | |  0.5
Staves         | |  0.5
Slings         | |  0.5
Bows           | |  0.5
Crossbows      | |  0.5
Throwing       | |  0.5
Armour         | |  0.5
Dodging        | |  4.5
Stealth        | |  4.1
Shields        | |  0.5
Unarmed Combat | |  0.5
Spellcasting   | |  4.9
Hexes          | |  0.4
Summonings     | |  0.4
Necromancy     | |  0.4
Translocations | |  0.4
Transmutations | |  0.4
Fire Magic     | |  0.4
Ice Magic      | |  0.4
Air Magic      | |  5.4
Earth Magic    | |  0.4
Poison Magic   | |  0.4
Invocations    | |  0.7
Evocations     | |  0.5

Action                   || total
-------------------------++-------
 Cast: Shock             ||    46
Armor: Robe              ||     3
Dodge: Dodged            ||    21
